cohdb
Replays
Latest Replays
All Replays
Popular Replays
Top Player Replays
Match Explorer
How It Works
Community
CoH3 Stats
Reddit
Sign in to upload your games and track your stats! →
Sign in with Steam
Match 42825635
Unlisted
Match 42825635
Overview
Messages
Build Orders
End
Selects Special Operations Battlegroup
Selects M29 Weasel Recon Vehicle
M29 Weasel Recon Vehicle
Construct Barracks
Riflemen Squad
Riflemen Squad
Infantry Support Center
Riflemen Squad
Construct Motor Pool
M8 Greyhound Armored Car
Construct Medical Station
M24 Chaffee Light Tank
Engineer Squad
Selects Raiding Flares
Selects SSF Commando Squad
M1918 Browning Automatic Rifles
Grenade Package
Construct Tank Depot
M4(105) Sherman Bulldozer
Selects Assault Operation
Selects P-47 Anti-Infantry Loiter
Selects UNKNOWN (2162291)
Engineer Squad
Advanced Logistics
Engineer Squad
M4A1 Sherman Whizbang
stormbangbang
Trion
0
0
Comments
sign in to comment!
No comments posted yet!